 Dungeon Crawl Stone Soup version 0.28-a0-32-g8dfe7f97f6 (webtiles) character file.

Game seed: 5372843243199144590

70 dracfodder the Chopper (level 4, 0/43 HPs)
             Began as a Gargoyle Berserker on July 28, 2021.
             Was a Believer of Trog.
             Slain by a phantom (2 damage)
             ... on level 3 of the Dungeon.
             The game lasted 00:04:45 (2011 turns).

dracfodder the Chopper (Gargoyle Berserker)         Turns: 2011, Time: 00:04:46

Health: 0/43       AC: 11    Str: 21    XL:     4   Next: 21%
Magic:  4/4        EV: 11    Int:  8    God:    Trog [**....]
Gold:   93         SH:  0    Dex:  9    Spells: 3/3 levels left

rFire   . . .      SeeInvis .   a - +0 hand axe
rCold   . . .      Faith    .   (no shield)
rNeg    + . .      Spirit   .   c - +0 ring mail
rPois   ∞          Reflect  .   (no helmet)
rElec   +          Harm     .   i - +1 cloak
rCorr   .          Rampage  .   (no gloves)
Will    .....                   (no boots)
Stlth   ..........              (no amulet)
HPRegen 0.14/turn               (no ring)
MPRegen 0.09/turn               (no ring)

@: berserking, very quick
A: sickness immunity, AC +3, negative energy resistance 1, electricity
resistance, torment resistance 1, petrification resistance
a: Renounce Religion, Berserk, Trog's Hand


You were on level 3 of the Dungeon.
You worshipped Trog.
Trog was pleased with you.
You visited 1 branch of the dungeon, and saw 3 of its levels.

You collected 93 gold pieces.

Inventory:

Hand Weapons
 a - a +0 hand axe (weapon)
Missiles
 b - 5 stones (quivered)
Armour
 c - a +0 ring mail (worn)
 i - a +1 cloak (worn)
Scrolls
 f - a scroll of magic mapping {unknown}
 h - 2 scrolls of teleportation
Potions
 e - a potion of invisibility {unknown}
 g - a potion of haste


   Skills:
 + Level 3.7 Fighting
 * Level 3.8 Axes
 + Level 2.8 Armour
 + Level 1.7 Dodging


You had 3 spell levels left.
You didn't know any spells.
Your spell library was empty.

Dungeon Overview and Level Annotations

Branches:
Dungeon (3/15)

Altars:
Trog


Innate Abilities, Weirdness & Mutations

You are immune to sickness and miasma.
Your stone body is resilient. (AC +3)
You are immune to poison.
You resist negative energy. (rN+)
You are resistant to electric shocks. (rElec)
You are resistant to unholy torment.
You are immune to petrification.


Message History

You closely miss the phantom.
The phantom is lightly damaged.
The phantom completely misses you.
You hit the phantom.
The phantom is moderately damaged.
The phantom hits you but does no damage.
You hit the phantom but do no damage.
The phantom is moderately damaged.
The phantom completely misses you.
You hit the phantom.
The phantom is heavily damaged.
The phantom hits you but does no damage.
You closely miss the phantom.
The phantom is heavily damaged.
The phantom hits you but does no damage.
The phantom hits you!
* * * LOW HITPOINT WARNING * * *
You miss the phantom.
The phantom is heavily damaged.
The phantom hits you but does no damage.
Unknown command.
You feel better. The phantom barely misses you.
A red film seems to cover your vision as you go berserk!
You feel yourself moving faster!
You feel mighty!
The phantom hits you but does no damage.
You slash the phantom!
The phantom is almost destroyed.
You closely miss the phantom.
The phantom is almost destroyed.
The phantom hits you!
* * * LOW HITPOINT WARNING * * *
You completely miss the phantom.
The phantom is almost destroyed.
The phantom hits you.
* * * LOW HITPOINT WARNING * * *
The phantom blinks!
You blink.
You hit the phantom.
The phantom is almost destroyed.
The phantom hits you.
You die...

#.# ###.### #
#.....###### .#
#####.....##...###. ##
#..§...<)............
#.###............#.#.#
#. #............... #.
###.##.......#.#.# #.
#.###..W@......# #.
#.# ##...###.### #.
..# #..## #. .## #§§#
. #..# #... #.#.# ..
.# ### .#


You could see a phantom.

Vanquished Creatures
  An adder (D:2)
  A worm (D:2)
  3 dart slugs
  7 endoplasms
  3 giant cockroaches (D:1)
  2 goblins (D:1)
  5 hobgoblins (D:1)
  8 jackals (D:1)
  A quokka (D:1)
  2 ball pythons (D:1)
  5 bats
  2 frilled lizards
  3 kobolds
  3 rats
46 creatures vanquished.

Vanquished Creatures (others)
  2 fungi (D:2)
2 creatures vanquished.

Grand Total: 48 creatures vanquished

Notes
Turn   | Place    | Note
-------+----------+-------------------------------------------
     0 | D:1      | dracfodder the Gargoyle Berserker began the quest for the
                  | Orb.
     0 | D:1      | Reached XP level 1. HP: 14/14 MP: 1/1
     4 | D:2      | Found a bloodstained altar of Trog.
    20 | D:2      | Reached XP level 2. HP: 9/19 MP: 2/2
   384 | D:1      | Reached XP level 3. HP: 17/23 MP: 3/3
   547 | D:1      | Reached ** piety under Trog
  1481 | D:2      | Reached XP level 4. HP: 18/29 MP: 4/4
  1986 | D:3      | Noticed a phantom
  2010 | D:3      | HP: 2/43 [phantom (6)]
  2011 | D:3      | Slain by a phantom

Illustrated notes

Levels and vault maps discovered:
D:1:      dpeg_arrival_fog, layout_basic
D:2:      layout_loops_ring, shapermc_ecumenical_altar_acropolis, basic_altar,
          kennysheep_generic_room_3
D:3:      layout_loops_ring, minmay_overflow_temple_star_quad,
          minmay_gold_behind_fungi, uniq_terence

Skill      XL: |  1 |
---------------+----+-----
Axes           | 3 |  3.8
Fighting       | |  3.7
Armour         | |  2.8
Dodging        | |  1.7

Action                   |  1- 3 |  4- 6 || total
-------------------------+-------+-------++-------
Melee: Hand axe          |   112 |    52 ||   164
Invok: Berserk           |       |     1 ||     1
  Use: Scroll            |     6 |       ||     6
       Potion            |       |     1 ||     1
Armor: Animal skin       |     3 |       ||     3
       Ring mail         |    54 |    22 ||    76
Dodge: Dodged            |    92 |    23 ||   115

Table legend: (Time is in decaauts)
 A = Elapsed time spent in this place.
 B = Non-inter-level travel time spent in this place.
 C = Inter-level travel time spent in this place.
 D = Time resting spent in this place.
 E = Time spent auto-exploring this place.
 F = Levels seen in this place.
 G = Mean time per level.
                   A        B        C        D        E       F      G
               +--------+--------+--------+--------+--------+-----+--------+
         Total |   2032 |   1959 |     73 |      0 |   1524 |   3 |  677.3 |
       Dungeon |   2032 |   1959 |     73 |      0 |   1524 |   3 |  677.3 |
               +--------+--------+--------+--------+--------+-----+--------+

Top non-repeatable levels by time:
     D:1: 1353 daAuts
     D:2: 633 daAuts
     D:3: 46 daAuts
